 Dungeon Crawl Stone Soup version 0.18.1-1-g2f07953 (webtiles) character file.

228 Gorfmaster the Sneak (level 6, 0/28 HPs)
             Began as a Vine Stalker Enchanter on Sept 30, 2016.
             Was an Initiate of Fedhas.
             Slain by dsb250's ghost (6 damage)
             ... on level 4 of the Dungeon on Oct 1, 2016.
             The game lasted 00:22:29 (2383 turns).

Gorfmaster the Sneak (Vine Stalker Enchanter)       Turns: 2383, Time: 00:22:29

Health: 0/28       AC:  8    Str: 10    XL:     6   Next: 2%
Magic:  0/10       EV: 12    Int: 16    God:    Fedhas [......]
Gold:   217        SH:  0    Dex: 16    Spells: 3 memorised, 2 levels left

rFire  . . .     SeeInvis .     p - +2 short sword (protect)
rCold  . . .     Gourm    .     b - +1 robe
rNeg   . . .     Faith    .     (no shield)
rPois  .         Spirit   +     (no helmet)
rElec  .         Dismiss  .     (no cloak)
rCorr  .         Reflect  .     (no gloves)
SustAt .         Harm     .     (no boots)
MR     .....                    g - amulet of magic regeneration
Stlth  +++.......               (no ring)
                                (no ring)

@: lethally poisoned (0 -> -3), drained, not resistant to hostile enchantments,
fairly stealthy
A: fangs 2, regeneration 2, magic shield, antimagic bite, no device heal 3, rot
immunity
a: Renounce Religion


You were on level 4 of the Dungeon.
You worshipped Fedhas.
Fedhas was noncommittal.
You were hungry.

You visited 1 branch of the dungeon, and saw 4 of its levels.

You collected 217 gold pieces.

Inventory:

Hand Weapons
 p - a +2 short sword of protection (weapon)
Missiles
 q - 167 stones (quivered)
Armour
 b - a +1 robe (worn)
Jewellery
 g - an amulet of magic regeneration (around neck)
Wands
 t - a wand of polymorph (13/24)
Scrolls
 a - a scroll of amnesia
 l - a scroll of remove curse
Potions
 e - a potion of haste {unknown}
 h - 2 potions of flight {unknown}
 i - a potion of heal wounds {unknown}
 j - 2 potions of cure mutation
 k - a potion of berserk rage {unknown}
 o - 2 potions of curing {unknown}
 u - a potion of might {unknown}
Books
 c - a book of Maledictions

   Spells                             Type                      Level
   a - Corona                         Hexes                        1
   b - Ensorcelled Hibernation        Hexes/Ice                    2
   c - Confuse                        Hexes                        3
   d - Tukima's Dance                 Hexes                        3
   e - Dazzling Spray                 Conjuration/Hexes            3
Comestibles
 d - 4 bread rations
 f - 9 fruits
 n - 2 meat rations
 r - a slice of pizza


   Skills:
 + Level 3.3(3.0) Short Blades
 - Level 1.5(1.2) Dodging
 * Level 5.4(5.1) Stealth
 - Level 2.1(1.8) Spellcasting
 * Level 4.3(4.0) Hexes


You had 2 spell levels left.
You knew the following spells:

 Your Spells              Type           Power        Failure   Level  Hunger
a - Corona                Hex            ##.....      6%          1    #......
b - Confuse               Hex            ##......     14%         3    ###....
c - Tukima's Dance        Hex            ##......     14%         3    ###....


Dungeon Overview and Level Annotations

Branches:
Dungeon (4/15)             Temple (0/1) D:4

Altars:
Cheibriados
Fedhas
Pakellas

Annotations:
D:4 dsb250's ghost, amateur MiAK


Innate Abilities, Weirdness & Mutations

You have extremely sharp teeth.
You heal very quickly.
When hurt, damage is shared between your health and your magic reserves.
Your bite disrupts and absorbs the magic of your enemies.
Potions and wands cannot restore your health.
You are immune to rotting.


Message History

Dsb250's ghost easily resists.
You are feeling hungry.
You feel sick. Dsb250's ghost hits you. Dsb250's ghost freezes you.
Casting: Confuse
Confirm with . or Enter, or press ? or * to list all spells.
Aiming: Corona
Press: ? - help, Shift-Dir - straight line, f/p - dsb250's ghost
Aim: dsb250's ghost, wielding a weapon of chaos (chance to defeat MR: 34%) Dsb250's ghost resists with some effort.
You feel sick. Dsb250's ghost hits you!
* * * LOW HITPOINT WARNING * * *
You feel drained.
Zapping:
t - a wand of polymorph (will waste charges)
Press: ? - help, Shift-Dir - straight line, f/p - dsb250's ghost
Aim: dsb250's ghost, wielding a weapon of chaos (chance to defeat MR: 28%) Dsb250's ghost is unaffected.
Evoking this partially-identified wand wasted a few charges.
You feel sick. Dsb250's ghost hits you!
You die...
Fedhas appreciates your contribution to the ecosystem.

≈≈§§........
>≈§≈.......#
≈§≈§....... ≈≈≈.......#
≈§........# #.........#
##......## ##...W.# #
#####@## ## #...## .##
##....##
..############......#
..............##....>#
....####......####....#
.....########.# #....#
......## #.# #....
.......## #.# ##..


You could see dsb250's ghost.

Vanquished Creatures
  Jessica (D:2)
  Terence (D:2)
  A worker ant (D:4)
  The ghost of jpong1010 the Ruffian, a weakling DrTm (D:3)
  3 gnolls (D:3)
  3 adders (D:3)
  5 dart slugs
  A worm (D:3)
  4 giant geckos
  4 orcs (D:3)
  6 bats
  3 giant cockroaches
  7 hobgoblins
  4 jackals
  A quokka (D:2)
  A ball python (D:1)
  A giant newt (D:3)
  4 goblins
  6 kobolds
  8 rats
65 creatures vanquished.

Vanquished Creatures (others)
  An ice dragon (D:2)
1 creature vanquished.

Grand Total: 66 creatures vanquished

Notes
Turn   | Place    | Note
--------------------------------------------------------------
     0 | D:1      | Gorfmaster the Vine Stalker Enchanter began the quest for the Orb.
     0 | D:1      | Reached XP level 1. HP: 9/9 MP: 4/4
    26 | D:1      | Reached skill level 1 in Short Blades
   171 | D:1      | Reached XP level 2. HP: 13/13 MP: 6/6
   845 | D:2      | Found an oddly glowing altar of Pakellas.
   846 | D:2      | Noticed an ice dragon
   863 | D:2      | Killed an ice dragon
   884 | D:2      | Reached XP level 3. HP: 16/16 MP: 7/7
   887 | D:2      | Reached skill level 4 in Stealth
  1034 | D:2      | Noticed Jessica
  1039 | D:2      | Killed Jessica
  1039 | D:2      | Reached XP level 4. HP: 21/21 MP: 8/8
  1102 | D:2      | Noticed Terence
  1121 | D:2      | Killed Terence
  1378 | D:3      | Learned a level 3 spell: Confuse
  1382 | D:3      | Learned a level 3 spell: Tukima's Dance
  1469 | D:3      | Reached XP level 5. HP: 24/24 MP: 9/9
  1583 | D:3      | Noticed jpong1010's ghost (weakling DrTm)
  1593 | D:3      | Killed jpong1010's ghost
  1906 | D:3      | Reached skill level 5 in Stealth
  2091 | D:3      | Learned a level 1 spell: Corona
  2242 | D:4      | Found a snail-covered altar of Cheibriados.
  2255 | D:4      | Gained mutation: You heal very quickly. [Vine Stalker growth]
  2255 | D:4      | Reached XP level 6. HP: 14/28 MP: 10/10
  2337 | D:4      | Found a blossoming altar of Fedhas.
  2345 | D:4      | Became a worshipper of Fedhas Madash
  2368 | D:4      | Found a staircase to the Ecumenical Temple.
  2372 | D:4      | Noticed dsb250's ghost (amateur MiAK)
  2383 | D:4      | Slain by dsb250's ghost

Skill      XL: |  1  2  3  4  5 |
---------------+----------------+-----
Short Blades   | 1 2 3 |  3.3
Stealth        | 4 5 |  5.4
Hexes          | 4 |  4.3
Dodging        | |  1.5
Spellcasting   | |  2.1

Action                   |  1- 3 |  4- 6 || total
-------------------------+-------+-------++-------
Melee: Dagger            |    46 |       ||    46
       Bite              |    16 |    21 ||    37
       Short sword       |    35 |   116 ||   151
 Cast: Corona            |    11 |    13 ||    24
       Confuse           |       |     2 ||     2
       Tukima's Dance    |       |     1 ||     1
Evoke: Wand              |       |     1 ||     1
  Use: Scroll            |     3 |     6 ||     9
 Stab: Sleeping          |     5 |     6 ||    11
  Eat: Chunk             |     1 |     4 ||     5
Armor: Robe              |    28 |    26 ||    54
Dodge: Dodged            |    61 |    56 ||   117
